 Dungeon Crawl Stone Soup version 0.29.1-14-g9c671dbff4 (webtiles) character file.

Game seed: 15540999433617995457

354 KittyFluff the Cudgeller (level 6, -7/38 HPs)
             Began as a Gargoyle Berserker on Feb 14, 2023.
             Was a Priest of Trog.
             Killed by divine providence
             ... invoked by an orc priest
              (10 damage)
             ... on level 4 of the Dungeon.
             The game lasted 00:17:51 (4328 turns).

KittyFluff the Cudgeller (Gargoyle Berserker)       Turns: 4328, Time: 00:17:51

Health: -7/38      AC: 11    Str: 20    XL:     6   Next: 62%
Magic:  6/6        EV: 16    Int:  8    God:    Trog [***...]
Gold:   253        SH:  0    Dex: 11    Spells: 5/5 levels left

rFire   . . .      SeeInvis .   a - +0 mace
rCold   . . .      Faith    .   (no shield)
rNeg    + . .      Spirit   .   C - +0 leather armour
rPois   ∞          Reflect  .   s - +1 helmet
rElec   +          Harm     .   (no cloak)
rCorr   .          Rampage  .   (no gloves)
Will    .....                   x - +0 pair of boots
Stlth   ++........              (no amulet)
HPRegen 0.12/turn               i - +4 ring of evasion
MPRegen 0.10/turn               (no ring)

@: no status effects
A: sickness immunity, AC +4, negative energy resistance 1, electricity
resistance, torment resistance 1, petrification resistance
a: Renounce Religion, Berserk, Trog's Hand


You were on level 4 of the Dungeon.
You worshipped Trog.
Trog was most pleased with you.
You visited 1 branch of the dungeon, and saw 4 of its levels.

You collected 253 gold pieces.

Inventory:

Hand Weapons
 a - a +0 mace (weapon)
 w - the +7 spear of Cefein {venom, rElec}
   (You found it on level 3 of the Dungeon)

   It poisons the flesh of those it strikes.
   rElec:     It insulates you from electricity.
Missiles
 e - 40 stones (quivered)
 j - 14 poisoned darts
 t - 5 datura-tipped darts
 B - 3 boomerangs
Armour
 k - a +0 scale mail
 r - a +0 ring mail
 s - a +1 helmet (worn)
 x - a +0 pair of boots (worn)
 y - a +0 chain mail
 C - a +0 leather armour (worn)
Jewellery
 i - a +4 ring of evasion (left hand)
 q - a ring of ice
Scrolls
 d - 2 scrolls of magic mapping {unknown}
 f - 2 scrolls of teleportation
 h - a scroll of fear {unknown}
 l - a scroll of silence {unknown}
 n - a scroll of immolation {unknown}
 o - a scroll of brand weapon {unknown}
 p - a scroll of blinking {unknown}
 u - 2 scrolls of noise {unknown}
 v - a scroll of poison {unknown}
 z - a scroll of vulnerability {unknown}
Potions
 c - 3 potions of curing
 g - a potion of flight
 m - 3 potions of mutation
 A - a potion of degeneration {unknown}


   Skills:
 + Level 4.1 Fighting
 + Level 5.1 Maces & Flails
 * Level 3.9 Armour
 + Level 2.5 Dodging
 + Level 2.1 Stealth


You had 5 spell levels left.
You didn't know any spells.
Your spell library was empty.

Dungeon Overview and Level Annotations

Branches:
Dungeon (4/15)
 Temple: D:4-7

Altars:
Elyvilon


Innate Abilities, Weirdness & Mutations

You are immune to sickness and miasma.
Your stone body is resilient. (AC +4)
You are immune to poison.
You resist negative energy. (rN+)
You are resistant to electric shocks. (rElec)
You are resistant to unholy torment.
You are immune to petrification.


Message History

The orc hits you but does no damage.
The orc priest calls down the wrath of Beogh upon you.
Beogh smites you!
You sock the orc!
You kill the orc!
Trog accepts your kill.
You closely miss the orc priest. The orc priest closely misses you.
You sock the orc priest!
The orc priest is heavily wounded.
The orc priest misses you.
The orc priest drinks a potion.
The orc priest is healed!
You hit the orc priest.
The orc priest is moderately wounded.
The orc priest invokes the aid of Beogh against you.
Beogh smites you!
* * * LOW HITPOINT WARNING * * *
You hit the orc priest.
The orc priest is heavily wounded.
The orc priest hits you with a +0 falchion.
* * * LOW HITPOINT WARNING * * *
You completely miss the orc priest.
The orc priest is heavily wounded.
The orc priest hits you with a +0 falchion.
* * * LOW HITPOINT WARNING * * *
You hit the orc priest.
The orc priest is severely wounded.
The orc priest hits you with a +0 falchion.
* * * LOW HITPOINT WARNING * * *
You closely miss the orc priest.
The orc priest is severely wounded.
The orc priest barely misses you.
You barely miss the orc priest.
The orc priest is severely wounded.
The orc priest hits you with a +0 falchion.
* * * LOW HITPOINT WARNING * * *
You hit the orc priest but do no damage.
The orc priest is severely wounded.
The orc priest calls down the wrath of Beogh upon you.
Beogh smites you!
You die...

#.....# #...
#.###.#####... #.#
#........#
#.###.#####...
#####.....####....
#..........##.....
#.#.###..#.###...#
#.#.# #..#.# ##.##
#@#.# #..#.# #.#
#o#.. ...#.# #.#
#.#..###.# #'#
#.#..# .# ...
#)#..###. ...
#........ ...
####.<.## .... .##


You could see an orc priest.

Vanquished Creatures
  2 hounds (D:4)
  An orc priest (D:4)
  Natasha (D:1)
  An iguana (D:3)
  An orc wizard (D:4)
  Robin (D:2)
  7 adders
  4 dart slugs
  8 orcs
  4 endoplasms
  6 giant cockroaches
  15 goblins
  16 hobgoblins
  9 jackals
  3 kobolds
  A quokka (D:2)
  4 ball pythons
  6 bats
  3 frilled lizards
  6 rats
99 creatures vanquished.

Notes
Turn   | Place    | Note
-------+----------+-------------------------------------------
     0 | D:1      | KittyFluff the Gargoyle Berserker began the quest for the
                  | Orb.
     0 | D:1      | Reached XP level 1. HP: 14/14 MP: 1/1
   256 | D:1      | Reached XP level 2. HP: 12/19 MP: 2/2
   522 | D:1      | Found a faded altar of an unknown god.
   905 | D:1      | Reached ** piety under Trog
   906 | D:1      | Reached XP level 3. HP: 23/23 MP: 3/3
   932 | D:1      | Reached skill level 1 in Stealth
  1329 | D:2      | Noticed Natasha
  1521 | D:1      | Killed Natasha
  1522 | D:1      | Reached XP level 4. HP: 16/29 MP: 4/4
  1893 | D:2      | Reached skill level 4 in Maces & Flails
  1991 | D:2      | Noticed Robin
  1999 | D:2      | Reached XP level 5. HP: 29/33 MP: 5/5
  2023 | D:2      | Killed Robin
  2405 | D:2      | Reached *** piety under Trog
  2904 | D:3      | Identified the +7 spear of Cefein {venom, rElec}
  3672 | D:4      | Reached XP level 6. HP: 38/38 MP: 6/6
  3838 | D:4      | Found a white marble altar of Elyvilon.
  3867 | D:4      | Reached skill level 5 in Maces & Flails
  4328 | D:4      | Killed from afar by an orc priest

Illustrated notes

Levels and vault maps discovered:
D:1:      dpeg_arrival_leaves_temple_mockup, layout_basic,
          hellmonk_ecumenical_altar_lost_god, nicolae_hexahallways
D:2:      layout_basic, chequers_serial_rivers_small_b, minmay_quantized,
          uniq_robin, uniq_natasha
D:3:      cheibrodos_greedy_goblins, layout_basic
D:4:      layout_loops_corners, elyvilon_altar_3

Skill      XL: |  1  2  3  4  5  6 |
---------------+-------------------+-----
Stealth        | 1 2 |  2.1
Armour         | 3 |  3.9
Dodging        | 2 |  2.5
Maces & Flails | 4 5 |  5.1
Fighting       | 4 |  4.1

Action                   |  1- 3 |  4- 6 || total
-------------------------+-------+-------++-------
Melee: Mace              |   117 |   251 ||   368
       Punch             |     1 |     2 ||     3
Throw: Stone             |     4 |       ||     4
Invok: Berserk           |       |     1 ||     1
  Use: Scroll            |       |     4 ||     4
 Stab: Sleeping          |     4 |     2 ||     6
Armor: Animal skin       |    48 |    61 ||   109
       Leather armour    |       |     6 ||     6
Dodge: Dodged            |   135 |   225 ||   360
